 Dungeon Crawl Stone Soup version 0.27.1-4-g1640c2035a (webtiles) character file.

Game seed: 5374414916707309687

11 Stomo444 the Cudgeller (level 2, 0/16 HPs)
             Began as a Vine Stalker Monk on Nov 9, 2021.
             Slain by a gnoll (5 damage)
             ... on level 1 of the Dungeon.
             The game lasted 00:00:38 (633 turns).

Stomo444 the Cudgeller (Vine Stalker Monk)           Turns: 633, Time: 00:00:38

Health: 0/16       AC:  2    Str: 13    XL:     2   Next: 25%
Magic:  0/3        EV: 12    Int: 10    God:
Gold:   33         SH:  0    Dex: 16    Spells: 1/1 levels left

rFire    . . .     SeeInvis .   a - +0 mace
rCold    . . .     Faith    .   (no shield)
rNeg     . . .     Spirit   +   b - +0 robe
rPois    .         Reflect  .   (no helmet)
rElec    .         Harm     .   (no cloak)
rCorr    .         Rampage  .   (no gloves)
Will     .....                  (no boots)
Stlth    ++........             (no amulet)
HPRegen  0.05/turn              (no ring)
MPRegen  0.08/turn              (no ring)

@: no status effects
A: fangs 2, magic shield, antimagic bite, no potion heal 2
a: no special abilities


You were on level 1 of the Dungeon.
You visited 1 branch of the dungeon, and saw 1 of its levels.

You collected 33 gold pieces.

Inventory:

Hand Weapons
 a - a +0 mace (weapon)
Armour
 b - a +0 robe (worn)
Scrolls
 c - a scroll of enchant armour {unknown}
 d - a scroll of magic mapping {unknown}
 e - a scroll of blinking {unknown}


   Skills:
 * Level 2.9 Fighting
 * Level 3.0 Maces & Flails
 + Level 2.5 Dodging
 - Level 2.4 Stealth


You had one spell level left.
You didn't know any spells.
Your spell library was empty.

Dungeon Overview and Level Annotations

Branches:
Dungeon (1/15)

Altars:


Innate Abilities, Weirdness & Mutations

You have extremely sharp teeth.
When hurt, damage is shared between your health and your magic reserves.
Your bite disrupts and absorbs the magic of your enemies.
Potions cannot restore your health.


Message History

The helpless hobgoblin fails to defend itself.
You sock the hobgoblin!
You kill the hobgoblin!
Your Maces & Flails skill increases to level 3!
No target in view!
No target in view!
No target in view!
No target in view!
No target in view!
No target in view!
You see here a hobgoblin corpse.
You open the door.
There is an open door here.
Found a trident.
You see here a +0 trident.
Found a spear.
Found a stone staircase leading down.
There is a stone staircase leading down here.
You see here a +0 dagger.
Key pressed, stopping explore.
A gnoll comes into view. It is wielding a +0 whip.
Found 5 atropa-tipped darts.
The gnoll shouts!
A gnoll is nearby!
You hit the gnoll but do no damage. The gnoll barely misses you.
You hit the gnoll but do no damage. Your bite misses the gnoll.
The gnoll barely misses you. The gnoll hits you with a +0 whip.
You hit the gnoll.
The gnoll is moderately wounded.
The gnoll hits you with a +0 whip.
You hit the gnoll.
The gnoll is heavily wounded.
The gnoll barely misses you.
You hit the gnoll. You bite the gnoll, but do no damage.
The gnoll is almost dead.
The gnoll misses you.
You hit the gnoll but do no damage.
The gnoll is almost dead.
The gnoll hits you with a +0 whip. x2
You die...

###############.#.#.#.###.#..#
..........## #.#.#.##...##..#
####.......# #.#.#.)#[⌠.#...#
# #.....#.# #.....##...##..# #
#..)..#.# ###.#.#.###.#.## #
#.....#.# #.#..##.##..# #
#.......## #(##.......## #
#........#####.######.###
####........#...@........#
.........##.#.###g###.####
......#####...# .# #.# ......#
#...# #^# #†###
#####.#####...# #.# #...#
##....##....#.###.#####.#
#......#.####.)##.#.....#
#......#.# #..##.#.#####
'†.....#.####..##.#.#


You could see a gnoll.

Vanquished Creatures
  A dart slug (D:1)
  An endoplasm (D:1)
  A goblin (D:1)
  2 hobgoblins (D:1)
  A jackal (D:1)
  A kobold (D:1)
  A rat (D:1)
8 creatures vanquished.

Notes
Turn   | Place    | Note
-------+----------+-------------------------------------------
     0 | D:1      | Stomo444 the Vine Stalker Monk began the quest for the Orb.
     0 | D:1      | Reached XP level 1. HP: 11/11 MP: 2/2
   450 | D:1      | Reached XP level 2. HP: 16/16 MP: 3/3
   527 | D:1      | Reached skill level 3 in Maces & Flails
   633 | D:1      | Slain by a gnoll

Illustrated notes

Levels and vault maps discovered:
D:1:      lemuel_arrival_broad_hall, layout_basic, minmay_heptomino_d4

Skill      XL: |  1  2 |
---------------+-------+-----
Maces & Flails | 3 |  3.0
Fighting       | |  2.9
Dodging        | |  2.5
Stealth        | |  2.4

Action                   || total
-------------------------++-------
Melee: Mace              ||    24
       Bite              ||     6
 Stab: Sleeping          ||     4
Armor: Robe              ||     2
Dodge: Dodged            ||    14
